 Dungeon Crawl Stone Soup version 0.24-a0-84-g25a2d9f (webtiles) character file.

Game seed: 10059804521731183107

14772 Deaus the Grappler (level 11, 0/105 HPs)
             Began as a Troll Fighter on Feb 8, 2019.
             Was a Follower of Ru.
             Slain by a hippogriff (1 damage)
             ... on level 1 of the Lair of Beasts.
             The game lasted 00:38:58 (9696 turns).

Deaus the Grappler (Troll Fighter)                  Turns: 9696, Time: 00:38:58

Health: 0/105      AC:  8    Str: 26    XL:     11   Next: 93%
Magic:  10/10      EV: 14    Int:  4    God:    Ru [*.....]
Gold:   738        SH: 11    Dex: 17    Spells: 10/10 levels left

rFire    + . .     SeeInvis .     - Unarmed
rCold    . . .     Gourm    +   b - +0 shield
rNeg     . . .     Faith    .   y - +0 troll leather armour
rPois    .         Spirit   .   (helmet restricted)
rElec    .         Reflect  .   (no cloak)
rCorr    .         Harm     .   (gloves unavailable)
MR       .....                  (boots unavailable)
Stlth    +.........             m - amulet of regeneration
HPRegen  1.47/turn              D - ring of protection from fire
MPRegen  0.12/turn              q - +5 ring of dexterity

@: berserk cooldown, slowed, very slow
A: large, unfitting armour, claws 3, fast metabolism 3, gourmand, regeneration
1, shaggy fur 1, tough skin 3, no charms magic, no necromancy magic, no poison
magic
a: Renounce Religion


You were on level 1 of the Lair of Beasts.
You worshipped Ru.
Ru was aware of your devotion.
You were full.

You visited 3 branches of the dungeon, and saw 14 of its levels.

You collected 738 gold pieces.

Inventory:

Missiles
 u - 3 throwing nets (quivered)
 A - 5 curare-tipped needles
 C - 15 poisoned needles
Armour
 b - a +0 shield (worn)
 y - a +0 troll leather armour (worn)
 F - a +1 robe of cold resistance
Jewellery
 e - an uncursed ring of see invisible
 m - an amulet of regeneration (around neck)
 q - a +5 ring of dexterity (right claw)
 w - an uncursed ring of positive energy
 B - an uncursed ring of resist corrosion
 D - a ring of protection from fire (left claw)
Wands
 v - a wand of flame (25)
Scrolls
 a - a scroll of summoning {unknown}
 f - 6 scrolls of teleportation
 i - 5 scrolls of identify
 k - a scroll of fear
 l - a scroll of enchant armour
 o - 4 scrolls of remove curse
 p - 2 scrolls of fog
 r - a scroll of blinking
 t - a scroll of magic mapping
 x - a scroll of amnesia
 z - a scroll of enchant weapon
Potions
 c - a potion of agility
 h - 3 potions of magic
 j - a potion of brilliance
 s - 5 potions of haste
Comestibles
 d - 22 rations


   Skills:
 * Level 6.1 Fighting
 - Level 5.0 Throwing
 * Level 3.1 Armour
 * Level 7.4 Dodging
 * Level 7.7 Shields
 + Level 12.0 Unarmed Combat


You had 10 spell levels left.
You didn't know any spells.
Your spell library contained the following spells:

 Spells                   Type           Power        Failure   Level  Hunger
 Confusing Touch          Hex            #.....       63%         1    ##.....
 Magic Dart               Conj           #...         63%         1    ##.....
 Blink                    Tloc           N/A          77%         2    ###....
 Call Imp                 Summ           #.......     77%         2    ###....
 Slow                     Hex            #.......     77%         2    ###....
 Confuse                  Hex            #.......     94%         3    ####...
 Conjure Flame            Conj/Fire      #.......     94%         3    ####...
 Gell's Gravitas          Tloc           #.........   94%         3    ####...
 Petrify                  Tmut/Erth      #.......     100%        4    #####..
 Metabolic Englaciation   Hex/Ice        #.........   100%        5    ######.
 Yara's Violent Unravell  Hex/Tmut       #.........   100%        5    ######.
 Mephitic Cloud           Conj/Pois/Air  Unusable     N/A         3    N/A

Dungeon Overview and Level Annotations

Branches:
Dungeon (12/15)            Temple (1/1) D:5            Lair (1/6) D:10
    Orc (0/2) D:11

Altars:
Ashenzari
Cheibriados
Dithmenos
Elyvilon
Fedhas
Gozag
Kikubaaqudgha
Makhleb
Nemelex Xobeh
Okawaru
Qazlal
Ru
Sif Muna
Trog
Uskayaw
Vehumet
Wu Jian
Xom
Yredelemnul
Zin
The Shining One

Shops:
D:6 [

Annotations:
D:6 1 runed translucent door
D:12 2 transporters, Rupert; Snorg; lukano's ghost, journeyman GrMo


Innate Abilities, Weirdness & Mutations

You are too large for most types of armour.
You have claws for hands.
Your metabolism is lightning-fast.
You like to eat raw meat.
Your natural rate of healing is unusually fast.
You are covered in fur. (AC +1)
You have extremely tough skin. (AC +3)
You cannot study or cast Charms magic.
You cannot study or cast Necromancy magic.
You cannot study or cast Poison magic.


Message History

You feel better.
You redirect the blink frog's attack!
You block the blink frog's attack. The hippogriff completely misses you.
The hippogriff closely misses you. x2; The blink frog closely misses you.
You scratch the hippogriff.
The hippogriff is moderately wounded.
The blink frog blinks!
The hippogriff bites you!
* * * LOW HITPOINT WARNING * * *
The hippogriff pecks you but does no damage.
The hippogriff claws you but does no damage.
You block the hippogriff's attack.
The hippogriff pecks you but does no damage.
The hippogriff misses you.
You closely miss the blink frog.
The blink frog is moderately wounded.
The blink frog hits you!
* * * LOW HITPOINT WARNING * * *
The blink frog blinks!
You block the hippogriff's attack. The hippogriff pecks you.
You die...

#..............##
#......##.#..#..#
##........#.###.##
...........###..##
....#...##.#.....#
....##.###.##.#P.##
##...#.# #.##.##†.###
#P..##.##..##..§....##
##..............@H...#
P#.#.##..........§......
.......≈≈≈..............
....≈≈≈≈≈≈........F.....
...≈≈≈≈≈≈≈≈≈.##.........
...≈≈≈≈≈≈≈≈≈≈##.....#+#+
#.≈≈≈≈≈≈≈≈≈≈≈≈###....
..≈≈≈≈.<.≈≈≈≈# ##...
#.≈≈≈≈≈.≈≈≈≈.#


You could see a hippogriff and a blink frog.

Vanquished Creatures
  Kirke (D:11)
  Harold (D:11)
  Fannar (D:11)
  A queen ant (D:10)
  2 two-headed ogres
  The ghost of SkeletonJelly the Charlatan, a novice DrAr (D:6)
  A manticore (D:11)
  Psyche (D:8)
  A black mamba (Lair:1)
  A spiny frog (Lair:1)
  A troll (D:11)
  A hornet (D:11)
  4 slime creatures
  3 blink frogs (Lair:1)
  A basilisk (D:11)
  6 yaks (D:11)
  A human (D:11)
  2 wargs (D:11)
  3 soldier ants (D:10)
  A water moccasin (D:8)
  3 ice beasts
  4 sky beasts (D:9)
  4 orc warriors
  An eye of draining (D:12)
  A black bear (D:10)
  A necrophage (D:8)
  3 ogres
  A crocodile (D:11)
  2 big kobolds
  A gnoll sergeant (D:10)
  6 bullfrogs
  4 scorpions
  10 wights
  A howler monkey (D:12)
  3 crimson imps
  3 centaur zombies
  3 jellies
  A quasit (D:8)
  A centaur skeleton (D:10)
  10 orc wizards
  A bullfrog skeleton (D:12)
  8 orc priests
  Jessica (D:4)
  5 iguanas
  21 worker ants
  A hound skeleton (D:10)
  Robin (D:2)
  16 gnolls
  12 adders
  2 shadow imps
  2 adder zombies (D:9)
  2 adder skeletons (D:5)
  4 worms
  3 dart slugs
  10 leopard geckos
  45 orcs
  2 bats
  4 giant cockroaches
  13 goblins
  9 hobgoblins
  7 jackals
  23 kobolds
  A quokka (D:5)
  5 frilled lizards
  A quokka skeleton (D:8)
  A quokka zombie (D:6)
  9 rats
  A plant (D:10)
307 creatures vanquished.

Vanquished Creatures (others)
  A wight (D:9)
  A plant (D:11)
2 creatures vanquished.

Grand Total: 309 creatures vanquished

Notes
Turn   | Place    | Note
-------+----------+-------------------------------------------
     0 | D:1      | Deaus the Troll Fighter began the quest for the Orb.
     0 | D:1      | Reached XP level 1. HP: 22/22 MP: 0/0
   191 | D:1      | Reached XP level 2. HP: 29/29 MP: 1/1
   643 | D:2      | Reached XP level 3. HP: 36/36 MP: 2/2
   852 | D:2      | Found a stormy altar of Qazlal.
  1152 | D:2      | Noticed Robin
  1191 | D:2      | Killed Robin
  1192 | D:2      | Reached XP level 4. HP: 32/44 MP: 0/3
  1363 | D:3      | Reached skill level 3 in Unarmed Combat
  1526 | D:3      | Reached XP level 5. HP: 31/50 MP: 1/4
  1748 | D:3      | Found a radiant altar of Vehumet.
  1748 | D:3      | Found a glowing golden altar of the Shining One.
  1778 | D:3      | Found a bloodstained altar of Trog.
  1804 | D:3      | Found a faded altar of an unknown god.
  2163 | D:4      | Found a shimmering altar of Xom.
  2555 | D:4      | Noticed Jessica
  2581 | D:4      | Found a deep blue altar of Sif Muna.
  2607 | D:4      | Killed Jessica
  2752 | D:5      | Entered Level 5 of the Dungeon
  2841 | D:5      | Found a shadowy altar of Dithmenos.
  2898 | D:5      | Found a staircase to the Ecumenical Temple.
  2974 | Temple   | Entered the Ecumenical Temple
  3234 | D:5      | Reached XP level 6. HP: 61/61 MP: 5/5
  3256 | D:5      | Found a sparkling altar of Nemelex Xobeh.
  3363 | D:5      | Found an ornate altar of the Wu Jian Council.
  3366 | D:5      | Found a sparkling altar of Nemelex Xobeh.
  3369 | D:5      | Found a sacrificial altar of Ru.
  3378 | D:5      | Became a worshipper of Ru the Awakened
  3403 | D:5      | Reached skill level 4 in Unarmed Combat
  4161 | D:6      | Noticed an ice beast
  4162 | D:6      | Found a runed translucent door.
  4164 | D:6      | Noticed SkeletonJelly's ghost (novice DrAr)
  4171 | D:6      | Killed an ice beast
  4171 | D:6      | Reached skill level 1 in Throwing
  4171 | D:6      | Reached XP level 7. HP: 67/67 MP: 6/6
  4253 | D:6      | Found a runed translucent door.
  4279 | D:6      | Reached skill level 5 in Unarmed Combat
  4285 | D:6      | Noticed a six-headed hydra
  4349 | D:6      | Found Vuiceel's Antique Armour Shoppe.
  4420 | D:6      | Gained mutation: You cannot study or cast Poison magic. [Ru
                  | sacrifice]
  4420 | D:6      | Gained mutation: You cannot study or cast Necromancy magic.
                  | [Ru sacrifice]
  4420 | D:6      | Gained mutation: You cannot study or cast Charms magic. [Ru
                  | sacrifice]
  4420 | D:6      | Reached * piety under Ru
  4586 | D:7      | Found a white marble altar of Elyvilon.
  4641 | D:7      | Found a basalt altar of Yredelemnul.
  5263 | D:7      | Reached skill level 6 in Unarmed Combat
  5263 | D:7      | Reached XP level 8. HP: 75/75 MP: 7/7
  5396 | D:8      | Noticed Psyche
  5422 | D:8      | Killed Psyche
  5422 | D:8      | Reached skill level 7 in Unarmed Combat
  6251 | D:8      | Reached skill level 5 in Shields
  6384 | D:8      | Reached skill level 5 in Dodging
  6384 | D:8      | Reached XP level 9. HP: 73/84 MP: 8/8
  6448 | D:9      | Reached skill level 8 in Unarmed Combat
  7333 | D:6      | Killed SkeletonJelly's ghost
  7333 | D:6      | Reached skill level 9 in Unarmed Combat
  7395 | D:10     | Entered Level 10 of the Dungeon
  7472 | D:10     | Found a staircase to the Lair.
  7630 | D:10     | Reached XP level 10. HP: 85/94 MP: 9/9
  7717 | D:10     | Noticed a queen ant
  7731 | D:10     | HP: 1/94 [queen ant (14)]
  7741 | D:10     | Killed a queen ant
  7747 | D:10     | Reached skill level 10 in Unarmed Combat
  8198 | D:11     | Noticed Harold
  8206 | D:11     | Killed Harold
  8211 | D:11     | Reached skill level 5 in Fighting
  8480 | D:11     | Noticed a two-headed ogre
  8490 | D:11     | Killed a two-headed ogre
  8511 | D:11     | Noticed a manticore
  8563 | D:11     | Reached XP level 11. HP: 85/104 MP: 10/10
  8584 | D:11     | Reached skill level 5 in Throwing
  8584 | D:11     | Reached skill level 11 in Unarmed Combat
  8669 | D:11     | Reached skill level 1 in Armour
  8759 | D:11     | Found a staircase to the Orcish Mines.
  8777 | D:11     | Noticed Fannar
  8795 | D:11     | Killed Fannar
  9140 | D:12     | Noticed Snorg
  9225 | D:12     | Found a transporter.
  9352 | D:12     | Noticed lukano's ghost (journeyman GrMo)
  9353 | D:12     | Noticed Kirke
  9397 | D:11     | Killed Kirke
  9463 | D:12     | Noticed a two-headed ogre
  9472 | D:12     | Killed a two-headed ogre
  9533 | D:12     | Found a transporter.
  9539 | D:12     | Noticed Rupert
  9620 | Lair:1   | Entered Level 1 of the Lair of Beasts
  9672 | Lair:1   | Reached skill level 12 in Unarmed Combat
  9680 | Lair:1   | HP: 4/105 [blink frog (12)]
  9686 | Lair:1   | HP: 6/157 [blink frog (9)]
  9696 | Lair:1   | HP: 1/105 [blink frog (13)]
  9696 | Lair:1   | Slain by a hippogriff

Levels and vault maps discovered:

Skill      XL: |  1  2  3  4  5  6  7  8  9 10 11 |
---------------+----------------------------------+-----
Shields        | 3 4 5 6 7 |  7.7
Dodging        | 3 4 5 6 7 |  7.4
Unarmed Combat | 3 4 6 7 9 10 12 | 12.0
Fighting       | 3 4 5 6 |  6.1
Throwing       | 1 2 3 4 5 |  5.0
Armour         | 3 |  3.1

Action                   |  1- 3 |  4- 6 |  7- 9 | 10-12 || total
-------------------------+-------+-------+-------+-------++-------
Melee: Unarmed           |   134 |   244 |   373 |   348 ||  1099
Invok: Sacrifice Arcana  |       |       |     1 |       ||     1
       Reject Sacrifices |       |       |     1 |       ||     1
  Use: Potion            |       |     6 |     4 |    11 ||    21
       Scroll            |       |     2 |     5 |     8 ||    15
 Stab: Sleeping          |     2 |     1 |       |     1 ||     4
       Invisible         |       |       |     1 |       ||     1
  Eat: Chunk             |    16 |    27 |    33 |    16 ||    92
Armor: Robe              |    29 |    57 |    57 |     9 ||   152
       Troll leather arm |       |       |       |    33 ||    33
Dodge: Dodged            |    37 |    56 |   117 |   119 ||   329
Block: Shield            |    61 |    95 |   144 |   130 ||   430

Table legend:
 A = Non-vault XP
 B = Vault XP
 C = Vault XP percentage of total XP
 D = Non-vault monster count
 E = Vault monster count
 F = Vault count percentage of total count
                 A         B        C        D         E       F
            +---------+---------+-------+---------+---------+-------
      Total |   12366 |    8737 |  41.4 |     233 |      74 |  24.1
            +---------+---------+-------+---------+---------+-------
        D:1 |      23 |       0 |   0.0 |      11 |       0 |   0.0
        D:2 |      46 |      33 |  41.8 |      27 |      11 |  28.9
        D:3 |     124 |       0 |   0.0 |      26 |       0 |   0.0
        D:4 |      37 |      37 |  50.0 |       5 |       1 |  16.7
        D:5 |     295 |      42 |  12.5 |      24 |       4 |  14.3
        D:6 |     339 |     732 |  68.3 |      10 |       4 |  28.6
        D:7 |     518 |      49 |   8.6 |      20 |       1 |   4.8
        D:8 |     824 |     493 |  37.4 |      15 |       2 |  11.8
        D:9 |    1298 |     298 |  18.7 |      35 |       3 |   7.9
       D:10 |     486 |    1825 |  79.0 |       7 |      18 |  72.0
       D:11 |    5227 |    4801 |  47.9 |      28 |      29 |  50.9
       D:12 |    1935 |       0 |   0.0 |      21 |       0 |   0.0
     Lair:1 |    1214 |     427 |  26.0 |       4 |       1 |  20.0
            +---------+---------+-------+---------+---------+-------
